[Event "*** SCC Grand Prix: Titled Tuesday Blitz"]
[Site "Chess.com"]
[Date "2020.06.23"]
[Round "2"]
[White "Omk124"]
[Black "m-garcett"]
[Result "1-0"]
[WhiteElo "2386"]
[BlackElo "2055"]
[TimeControl "180+1"]
[EndTime "10:17:20 PDT"]
[Termination "Omk124 won on time"]

1. e4 c5 2. Nf3 d6 3. d4 cxd4 4. Nxd4 Nf6 5. Nc3 a6 6. Bc4 e6 7. Bb3 Nbd7 8. f4 Nc5 9. f5 Nxb3 10. axb3 Be7 11. O-O O-O 12. Be3 e5 13. Nde2 Bd7 14. Ng3 Bc6 15. Bg5 Rc8 16. Bxf6 Bxf6 17. Qd3 Qb6+ 18. Kh1 Qd4 19. Qe2 Rfd8 20. Rad1 Qb6 21. Nh5 Bg5 22. Qg4 f6 23. h4 Bh6 24. Nxf6+ Kh8 25.
Nfd5 Bxd5 26. Nxd5 Qb5 27. Nc3 Rxc3 28. bxc3 Qc5 29.
Qf3 Bf4 30. Rd5 Qc7 31. Rfd1 Qe7 32. g3 Bh6 33. c4 g6 34. f6 Qf7 35. c5 Rf8 36.
Rxd6 Bg7 37. Kg2 Bxf6 38. Rf1 Kg7 39. c6 1-0

[Event "*** SCC Grand Prix: Titled Tuesday Blitz"]
[Site "Chess.com"]
[Date "2020.06.23"]
[Round "2"]
[White "David_Paravyan"]
[Black "blitzking1729"]
[Result "1-0"]
[WhiteElo "2927"]
[BlackElo "2584"]
[TimeControl "180+1"]
[EndTime "10:17:22 PDT"]
[Termination "David_Paravyan won by resignation"]

1. e4 c6 2. d4 d5 3. e5 Bf5 4. c4 e6 5. Nc3 Ne7 6. Nf3 Nd7 7. Nh4 Bg6 8. cxd5 Nxd5 9. Nxg6 hxg6 10. Bd3 Qb6 11. Nxd5 cxd5 12. Be3 Bb4+ 13. Kf1 O-O 14. h4 f6 15. h5 g5 16. h6 g6 17. Qg4 Kh7 18. exf6 Nxf6 19. Bxg6+ Kh8 20. Qxg5 Bd6 21. b3 Qc7 22. Rh3 Qe7 23. Rf3 Nd7 24. Qxe7 Bxe7 25. Rxf8+ Nxf8 26. Bd3 Ba3 27. g4 Rc8 28. g5 1-0

[Event "*** SCC Grand Prix: Titled Tuesday Blitz"]
[Site "Chess.com"]
[Date "2020.06.23"]
[Round "2"]
[White "Chernov_Mikhail"]
[Black "MuhittinBuker"]
[Result "1-0"]
[WhiteElo "2359"]
[BlackElo "1904"]
[TimeControl "180+1"]
[EndTime "10:17:22 PDT"]
[Termination "Chernov_Mikhail won by resignation"]

1. e4 e5 2. Nf3 Nc6 3. Bc4 Nf6 4. Ng5 d5 5. exd5 Na5 6. Bb5+ c6 7. dxc6 bxc6 8. Be2 h6 9. Nh3 Bc5 10. d3 O-O 11.
Nc3 Re8 12. O-O Bb6 13. Kh1 c5 14. f4 e4 15. dxe4 Qxd1 16. Rxd1 Bxh3 17. gxh3 Nxe4 18. Nxe4 Rxe4 19. Bf3 Rae8 20. Bxe4 Rxe4 21. Bd2 Nc4 22. b3 Nxd2 23. Rxd2 Rxf4 24. Kg2 c4 25. Rf1 Re4 26. Rf3 g6 27. Kf1 Kg7 28. Rd7 g5 29. Rdxf7+ Kg6 30. R3f6+ Kh5 31. Rh7 Rf4+ 32. Rxf4 gxf4 33. bxc4 Kg5 34.
Kg2 1-0

[Event "*** SCC Grand Prix: Titled Tuesday Blitz"]
[Site "Chess.com"]
[Date "2020.06.23"]
[Round "2"]
[White "NTBT_DHS"]
[Black "Hikaru"]
[Result "1-0"]
[WhiteElo "2635"]
[BlackElo "3211"]
[TimeControl "180+1"]
[EndTime "10:17:23 PDT"]
[Termination "NTBT_DHS won by resignation"]

1. d4 Nf6 2. c4 e6 3. Nf3 b6 4. g3 Ba6 5. Qa4 Bb7 6. Bg2 c5 7. O-O cxd4 8. Nxd4 Bxg2 9. Kxg2 Qc8 10. Rd1 Be7 11. Bf4 O-O 12. Nc3 d6 13. Ndb5 e5 14. Bg5 Nbd7 15. Nxd6 Bxd6 16. Rxd6 Nc5 17. Qc6 Nfe4 18. Nxe4 Qxc6 19. Rxc6 Nxe4 20. Be7 Rfe8 21. Rc7 Rec8 22. Rxc8+ Rxc8 23. Rd1 f6 24. b3 Rc7 25. Rd8+ Kf7 26. Bb4 Ng5 27. Rf8+ Kg6 28. Re8 Kf7 29. Ra8 Ke6 30. h4 Ne4 31. Re8+ Kf7 32. Rd8 Ke6 33. f3 Nc5 34. Bxc5 Rxc5 35. Rh8 h6 36. Rg8 Rc7 37. Kf2 Kd6 38. Ke3 Ke6 39. g4 Rd7 40. Re8+ Kf7 41. Ra8 Ke6 42. h5 Ke7 43. Rc8 Ke6 44. c5 bxc5 45. Rxc5 Rb7 46. Ra5 Rd7 47. b4 Ke7 48. a4 Ke6 49. Ra6+ Kd5 50. Kd3 e4+ 51. fxe4+ Ke5+ 52. Ke3 Rc7 53. Ra5+ Ke6 54. Kf4 Rc4 55. Ra6+ 1-0

[Event "*** SCC Grand Prix: Titled Tuesday Blitz"]
[Site "Chess.com"]
[Date "2020.06.23"]
[Round "2"]
[White "MathiasWomacka"]
[Black "Resignify"]
[Result "1-0"]
[WhiteElo "2406"]
[BlackElo "2150"]
[TimeControl "180+1"]
[EndTime "10:17:23 PDT"]
[Termination "MathiasWomacka won by resignation"]

1. e4 d6 2. d4 Nf6 3. Nc3 g6 4. f4 Bg7 5. Nf3 O-O 6. e5 dxe5 7. fxe5 Nd5 8. Bc4 Nxc3 9. bxc3 c5 10. Ng5 e6 11. O-O Nc6 12. Be3 Bh6 13. Qd2 cxd4 14. cxd4 Nxd4 15. Rad1 Nc6 16. Qf2 Qc7 17. Nxh7 Bxe3 18.
Nf6+ Kg7 19. Qxe3 Qxe5 20. Qf2 b6 21. Nd7 Bxd7 22. Rxd7 Qc5 23. Bxe6 Qxf2+ 24. Rxf2 Ne5 25. Rc7 Rae8 26. Bb3 Ng4 27. Rfxf7+ Rxf7 28. Rxf7+ Kh6 29. g3 Re1+ 30. Kg2 Re2+ 31. Kf3 Ne5+ 32. Kxe2 1-0

[Event "*** SCC Grand Prix: Titled Tuesday Blitz"]
[Site "Chess.com"]
[Date "2020.06.23"]
[Round "2"]
[White "Radzio1987"]
[Black "Chessdreamer2020"]
[Result "1-0"]
[WhiteElo "2855"]
[BlackElo "2433"]
[TimeControl "180+1"]
[EndTime "10:17:24 PDT"]
[Termination "Radzio1987 won by resignation"]

1. c4 c5 2. g3 Nc6 3. Bg2 g6 4. Nc3 Bg7 5. b3 e6 6. Ba3 b6 7. e3 Nge7 8. Nge2 O-O 9. O-O Bb7 10. d4 d6 11. Rc1 a6 12. Qd2 Qc7 13. Bb2 Rfd8 14. Rfd1 Rac8 15. h3 Qb8 16. d5 exd5 17. Nxd5 Nxd5 18. Bxg7 Kxg7 19. cxd5 Ne5 20. f4 Nd7 21. g4 Re8 22. Ng3 Qc7 23. g5 f5 24.
e4 fxe4 25. Nxe4 Re7 26. Rc3 Rce8 27. Re3 c4 28. Qd4+ Kf7 29. bxc4 Bc8 30. Rde1 a5 31. h4 Ba6 32. h5 Qxc4 33. Nxd6+ 1-0

[Event "*** SCC Grand Prix: Titled Tuesday Blitz"]
[Site "Chess.com"]
[Date "2020.06.23"]
[Round "2"]
[White "politeplayer"]
[Black "Unknown_IM"]
[Result "1-0"]
[WhiteElo "2180"]
[BlackElo "2396"]
[TimeControl "180+1"]
[EndTime "10:17:27 PDT"]
[Termination "politeplayer won by checkmate"]

1. d4 Nf6 2. Nf3 c5 3. d5 e6 4. c4 exd5 5. cxd5 d6 6. Nc3 g6 7.
h3 Bg7 8. e4 O-O 9. Bd3 Na6 10.
O-O Nc7 11. Re1 Re8 12. Bf4 a6 13. a4 b6 14. Qd2 Rb8 15. e5 dxe5 16. Nxe5 Bb7 17.
d6 Qxd6 18. Nxf7 Qc6 19. f3 Kxf7 20. Bc4+ Ncd5 21. Bxb8 Rxb8 22. Nxd5 Nxd5 23. Qf4+ Qf6 24. Qc7+ Kf8 25. Qxb8+ Kf7 26. Qe8# 1-0

[Event "*** SCC Grand Prix: Titled Tuesday Blitz"]
[Site "Chess.com"]
[Date "2020.06.23"]
[Round "2"]
[White "Sviridov_Valery"]
[Black "SARGISMV"]
[Result "1-0"]
[WhiteElo "2834"]
[BlackElo "2440"]
[TimeControl "180+1"]
[EndTime "10:17:28 PDT"]
[Termination "Sviridov_Valery won by resignation"]

1. Nf3 Nf6 2. g3 b5 3. Bg2 Bb7 4. O-O e6 5. d3 c5 6. Nbd2 d5 7. e4 Be7 8. exd5 Bxd5 9. c4 bxc4 10. dxc4 Bc6 11. Ne5 Bxg2 12. Kxg2 O-O 13. Qf3 Nbd7 14. Nc6 Qe8 15. b3 Bd6 16. Bb2 a5 17. Rad1 a4 18. Ne4 Nxe4 19. Qxe4 Bc7 20. Rfe1 axb3 21. axb3 Ra2 22. Bc3 Nb8 23. Ne5 Qe7 24. Rd3 Rd8 25. Red1 Rxd3 26. Rxd3 f6 27. Nc6 Qe8 28.
Nxb8 Bxb8 29. Qb7 Ra7 30. Qb6 Rc7 31. Bd2 Kf7 32. Bf4 e5 33. Be3 Qc6+ 34. Qxc6 Rxc6 35. Rd7+ Kg6 36. Rb7 Bd6 37. g4 h6 38. Kf3 Bc7 39.
Ke4 h5 40. h3 hxg4 41. hxg4 Ba5 42. Kd5 Rc8 43. Bxc5 Rd8+ 44. Bd6 Be1 45. f3 e4 46.
fxe4 Bg3 47. c5 Kg5 48. Rxg7+ Kh4 49. b4 1-0

[Event "*** SCC Grand Prix: Titled Tuesday Blitz"]
[Site "Chess.com"]
[Date "2020.06.23"]
[Round "2"]
[White "KazakhFighter04"]
[Black "Nafania1"]
[Result "1-0"]
[WhiteElo "2774"]
[BlackElo "2508"]
[TimeControl "180+1"]
[EndTime "10:17:29 PDT"]
[Termination "KazakhFighter04 won on time"]

1. d4 Nf6 2. c3 e6 3. Bg5 d5 4.
Nd2 h6 5. Bh4 b6 6. e3 Bb7 7.
Bd3 c5 8. f4 Be7 9. Ngf3 O-O 10. O-O Ba6 11. Bxa6 Nxa6 12. Qe2 Nb8 13. Ne5 Qc7 14.
f5 exf5 15. Rxf5 Nbd7 16. Raf1 Nxe5 17. dxe5 Ne4 18. Nxe4 dxe4 19. Bf6 Rae8 20. Qg4 Bxf6 21. exf6 g6 22. Rh5 Qc8 23. Qg3 Qb8 24. Rf4 Rd8 25.
h3 Rd1+ 26. Kh2 Rfd8 27. Rxh6 Qc7 28. Rfh4 Qxg3+ 29. Kxg3 1-0

[Event "*** SCC Grand Prix: Titled Tuesday Blitz"]
[Site "Chess.com"]
[Date "2020.06.23"]
[Round "2"]
[White "Thej11"]
[Black "DoHoChess"]
[Result "1-0"]
[WhiteElo "2479"]
[BlackElo "2194"]
[TimeControl "180+1"]
[EndTime "10:17:29 PDT"]
[Termination "Thej11 won by resignation"]

1. d4 d5 2. c4 e6 3. Nc3 a6 4. c5 b6 5. cxb6 c5 6. Qb3 Bd7 7. dxc5 Bxc5 8. b7 Ra7 9. Bf4 Nf6 10. e3 O-O 11. Nf3 Nc6 12. Ne5 Na5 13. Qc2 Rxb7 14. Bxa6 Ra7 15. Bd3 Nc6 16. Nxc6 Bxc6 17. O-O Bd6 18.
Ne2 Ba8 19. Bxd6 Qxd6 20. Rfc1 Ng4 21. Ng3 Qe5 22. Bxh7+ Kh8 23. Qc5 Qb8 24. Bd3 Ne5 25. Be2 g6 26. Qd4 f6 27. a4 Rc8 1-0

[Event "*** SCC Grand Prix: Titled Tuesday Blitz"]
[Site "Chess.com"]
[Date "2020.06.23"]
[Round "2"]
[White "Love_craft"]
[Black "SPEEDSKATER"]
[Result "0-1"]
[WhiteElo "2436"]
[BlackElo "2777"]
[TimeControl "180+1"]
[EndTime "10:17:31 PDT"]
[Termination "SPEEDSKATER won on time"]

1. d4 d5 2. c4 c6 3. Nd2 Nf6 4. Ngf3 Bf5 5. g3 e6 6. Bg2 Nbd7 7. O-O h6 8. b3 Be7 9. Bb2 O-O 10. Rc1 a5 11. a3 Ne4 12. Re1 b5 13. Bf1 Qb8 14.
Nxe4 Bxe4 15. Nd2 Bg6 16. cxd5 cxd5 17. e3 Qb6 18. Qe2 b4 19. a4 Rfc8 20. Qb5 Qa7 21. Rc6 Rab8 22. Rxc8+ Rxc8 23. Rc1 Rxc1 24. Bxc1 Qc7 25. Bb2 Qc2 26. Qxd7 Qxd2 27. Qxe7 Qxb2 28. Qd8+ Kh7 29. Qxa5 Qxb3 30. Qb5 Qd1 31. a5 b3 32. a6 b2 33. Qxb2 Bd3 0-1

[Event "*** SCC Grand Prix: Titled Tuesday Blitz"]
[Site "Chess.com"]
[Date "2020.06.23"]
[Round "2"]
[White "Justinz"]
[Black "gumimis"]
[Result "1-0"]
[WhiteElo "2404"]
[BlackElo "2136"]
[TimeControl "180+1"]
[EndTime "10:17:32 PDT"]
[Termination "Justinz won by resignation"]

1. e4 c5 2. Nf3 d6 3. d4 cxd4 4. Nxd4 Nf6 5. Nc3 a6 6. Rg1 e5 7. Nb3 Be7 8. g4 Be6 9. g5 Nfd7 10. Be3 b5 11. Nd5 Nc6 12. a4 b4 13. h4 Rc8 14.
Bxa6 Rb8 15. Bb5 Na7 16. Bxa7 Rb7 17. Be3 g6 18. f4 exf4 19. Bxf4 O-O 20. Nxe7+ Qxe7 21. Bxd6 Qe8 22. Bxf8 Bxb3 23. cxb3 Qxe4+ 24. Qe2 Qxh4+ 25. Kf1 Nxf8 26. Qf3 Re7 27. Rd1 Re4 28. Qg3 Rf4+ 29. Ke2 Re4+ 30. Kd2 Rd4+ 31. Bd3 Qe4 32. Qe3 Qd5 33. Kc2 1-0

[Event "*** SCC Grand Prix: Titled Tuesday Blitz"]
[Site "Chess.com"]
[Date "2020.06.23"]
[Round "2"]
[White "Gurvich_Vitaly"]
[Black "BillieKimbah"]
[Result "0-1"]
[WhiteElo "2550"]
[BlackElo "2851"]
[TimeControl "180+1"]
[EndTime "10:17:33 PDT"]
[Termination "BillieKimbah won by resignation"]

1. e4 c5 2. Nf3 e6 3. g3 Nc6 4. Bg2 Nf6 5. Qe2 e5 6. O-O Be7 7. d3 O-O 8. Na3 Re8 9. Nc4 d6 10. c3 h6 11. a4 Bf8 12. Nh4 Rb8 13. Ne3 a6 14. Nef5 Be6 15. Be3 d5 16. h3 d4 17.
cxd4 cxd4 18. Bd2 Rc8 19. a5 Kh7 20. Nf3 g6 21. N5h4 Nd7 22. Nh2 Nc5 23. Ng4 Nb3 24. Rad1 Nxd2 25. Rxd2 Bg7 26. Qf3 h5 27. Nh2 Nxa5 28.
Nf5 Qg5 29. Nxg7 Kxg7 30. Re2 Nb3 31. Rd1 Rc1 32. Ree1 Rec8 33. Nf1 Rxd1 34. Rxd1 Rc1 35. Qe2 Rxd1 36. Qxd1 Qc1 37. Qe2 a5 38. Kh2 a4 39.
h4 b5 40. f3 b4 0-1

[Event "*** SCC Grand Prix: Titled Tuesday Blitz"]
[Site "Chess.com"]
[Date "2020.06.23"]
[Round "2"]
[White "chessablanca"]
[Black "Michaelson_11"]
[Result "1-0"]
[WhiteElo "2383"]
[BlackElo "2052"]
[TimeControl "180+1"]
[EndTime "10:17:34 PDT"]
[Termination "chessablanca won by checkmate"]

1. Nf3 d5 2. c4 d4 3. e3 Nc6 4.
exd4 Nxd4 5. Nc3 g6 6. Nxd4 Qxd4 7. d3 Bg7 8. Be3 Qd6 9. d4 Nh6 10. Qd2 O-O 11. Bxh6 Bxh6 12. Qxh6 Qxd4 13. Qe3 Qd6 14. Rd1 Qf6 15. Bd3 c6 16. O-O Bg4 17. f3 Be6 18. Be2 Rfd8 19. b3 Qf5 20. Ne4 Qe5 21. Qc5 Qb2 22.
Qe3 Qxa2 23. Nc5 Bf5 24. Nxb7 Re8 25. Nc5 Rab8 26. g4 Bc2 27. Rd2 Red8 28. Rxd8+ Rxd8 29. Qxe7 Rd2 30. Nd7 Qxb3 31. Qf8# 1-0

[Event "*** SCC Grand Prix: Titled Tuesday Blitz"]
[Site "Chess.com"]
[Date "2020.06.23"]
[Round "2"]
[White "KubaGepard"]
[Black "seorobert1971"]
[Result "0-1"]
[WhiteElo "2333"]
[BlackElo "2691"]
[TimeControl "180+1"]
[EndTime "10:17:35 PDT"]
[Termination "seorobert1971 won by resignation"]

1. d4 Nf6 2. Nf3 c5 3. d5 b5 4. Bg5 Ne4 5. Bf4 Bb7 6. a4 b4 7.
Qd3 Nf6 8. e4 Ba6 9. Qe3 Bxf1 10. Kxf1 d6 11. Nbd2 Nbd7 12. Rg1 g6 13. g4 Bg7 14. h4 h5 15. g5 Ng4 16. Qb3 O-O 17. Re1 Qa5 18. Nc4 Qa6 19. Nd2 Nde5 20. f3 Nxc4 21.
Qxc4 Qxc4+ 22. Nxc4 Ne5 23. Bxe5 Bxe5 24. Ke2 Bf4 25.
b3 Kg7 26. Rd1 f6 27. gxf6+ exf6 28. Rg2 g5 29. Ne3 Bxe3 30. Kxe3 Kh6 31. Rdg1 Rg8 32. f4 g4 33. f5 Rae8 34. Rg3 Re5 35. Kd3 Rge8 36.
Re1 Rxd5+ 37. exd5 Rxe1 38. Kc4 a6 39. Kd3 Re5 40.
c4 bxc3 41. Kxc3 Rxf5 42. b4 Rf3+ 43. Rxf3 gxf3 44. bxc5 f2 45. cxd6 f1=Q 46. d7 Qc1+ 47. Kd3 Qc7 0-1

[Event "*** SCC Grand Prix: Titled Tuesday Blitz"]
[Site "Chess.com"]
[Date "2020.06.23"]
[Round "2"]
[White "eightbyeightchess"]
[Black "HunterBRR"]
[Result "1-0"]
[WhiteElo "2395"]
[BlackElo "2096"]
[TimeControl "180+1"]
[EndTime "10:17:37 PDT"]
[Termination "eightbyeightchess won by checkmate"]

1. e4 c5 2. Nf3 Nc6 3. d4 cxd4 4. Nxd4 Nf6 5. Nc3 e5 6. Nb3 Bb4 7. Bc4 O-O 8. O-O Bxc3 9. bxc3 Nxe4 10. Ba3 Re8 11.
Bxf7+ Kxf7 12. Qd5+ Kf6 13. Qxe4 d5 14. Qxh7 Kf7 15.
Qh5+ Kg8 16. Rad1 Be6 17. Bc1 Bf7 18. Qg4 Rc8 19. Bg5 Qd6 20. Qh4 Ne7 21. Rfe1 Rxc3 22. Rd3 Rxd3 23. cxd3 Ng6 24. Qa4 a6 25. Qg4 e4 26.
dxe4 dxe4 27. h4 Qb4 28. Rd1 Qa3 29. h5 Ne5 30. Qxe4 Qxa2 31. Nd4 Qa4 32. Qb1 Qd7 33. Nf5 Qc7 34. h6 g6 35. Ng3 Ng4 36. Qb2 Qc5 37. Qg7# 1-0

[Event "*** SCC Grand Prix: Titled Tuesday Blitz"]
[Site "Chess.com"]
[Date "2020.06.23"]
[Round "2"]
[White "sertalzin"]
[Black "alexsergeyev"]
[Result "0-1"]
[WhiteElo "2017"]
[BlackElo "2379"]
[TimeControl "180+1"]
[EndTime "10:17:37 PDT"]
[Termination "alexsergeyev won by resignation"]

1. d4 d5 2. c4 c6 3. Nf3 Nf6 4. Qc2 g6 5. e3 Bg7 6. Bd3 O-O 7. O-O Nbd7 8. Nc3 dxc4 9. Bxc4 b5 10. Bd3 a6 11. b3 Bb7 12. Bb2 c5 13. Qe2 cxd4 14. exd4 Rc8 15. Rac1 Nb6 16. Rfd1 Nbd5 17. Nxd5 Nxd5 18. Rxc8 Qxc8 19. Ne5 Nf4 20. Qd2 Nxg2 21. Rc1 Qh3 22. Bf1 Rd8 23. Qg5 Bxe5 24. Qxe5 Qf3 25.
Qg3 Nh4 26. Bg2 Qxg2+ 27. Qxg2 Nxg2 28. Rc7 Bd5 0-1

[Event "*** SCC Grand Prix: Titled Tuesday Blitz"]
[Site "Chess.com"]
[Date "2020.06.23"]
[Round "2"]
[White "alenee"]
[Black "rududuyk"]
[Result "1-0"]
[WhiteElo "2414"]
[BlackElo "2164"]
[TimeControl "180+1"]
[EndTime "10:17:40 PDT"]
[Termination "alenee won on time"]

1. e4 e6 2. Nf3 d5 3. exd5 exd5 4. d4 Nf6 5. Bd3 c5 6. O-O Be7 7. dxc5 O-O 8. Be3 Nc6 9. c3 Bg4 10. Nbd2 Ne5 11. Be2 Ned7 12. b4 a5 13. a3 Qc7 14.
Nb3 Ne4 15. Bd4 Bf6 16. Bxf6 Ndxf6 17. Qd4 Rfe8 18. Nxa5 Nxc5 19. Bd1 Ne6 20. Qd3 Nf4 21. Qd2 Ne4 22. Qb2 Nxc3 23. Rc1 1-0

[Event "*** SCC Grand Prix: Titled Tuesday Blitz"]
[Site "Chess.com"]
[Date "2020.06.23"]
[Round "2"]
[White "Konavets"]
[Black "vovachesss"]
[Result "1-0"]
[WhiteElo "3020"]
[BlackElo "2608"]
[TimeControl "180+1"]
[EndTime "10:17:41 PDT"]
[Termination "Konavets won by checkmate"]

1. e4 c6 2. d4 d5 3. e5 c5 4. dxc5 Nc6 5. a3 a5 6. Bb5 Bf5 7. Nf3 e6 8. Nd4 Rc8 9. Nxf5 exf5 10. Be3 f4 11. Bxf4 Bxc5 12. Qg4 Ne7 13. Qxg7 Rg8 14. Qxh7 Bxf2+ 15. Kf1 Qb6 16. Qd3 Rg4 17. g3 Kf8 18.
Nc3 Bd4 19. Na4 Qc7 20. Qf3 Rg6 21. e6 Be5 22. Bh6+ Kg8 23. exf7+ Kh7 24. Bd3 Kxh6 25. f8=Q+ Rxf8 26. Qxf8+ Bg7 27. Qf4+ Qxf4+ 28. gxf4 Rf6 29.
Nc5 Rxf4+ 30. Kg2 Rg4+ 31. Kh3 Rd4 32. Ne6 Ra4 33. b3 Bxa1 34. Rxa1 Re4 35. Bxe4 dxe4 36. Re1 Nf5 37. Rxe4 Kg6 38. Nc5 Kg5 39. Nxb7 Ncd4 40.
Nd6 Nf3 41. Nxf5 Kxf5 42. Ra4 Ng5+ 43. Kg2 Ne4 44. Rxe4 Kxe4 45. h4 Kd4 46. h5 Kc3 47. h6 Kxc2 48. b4 a4 49. h7 Kb3 50. h8=Q Kxa3 51. Qc3+ Ka2 52. b5 a3 53. b6 Kb1 54. b7 Ka2 55. Qc2+ Ka1 56. b8=Q a2 57. Qbb2# 1-0

[Event "*** SCC Grand Prix: Titled Tuesday Blitz"]
[Site "Chess.com"]
[Date "2020.06.23"]
[Round "2"]
[White "chess94cu"]
[Black "Rakhmanov_Aleksandr"]
[Result "1/2-1/2"]
[WhiteElo "2548"]
[BlackElo "2807"]
[TimeControl "180+1"]
[EndTime "10:17:41 PDT"]
[Termination "Game drawn by repetition"]

1. d4 Nf6 2. c4 d6 3. Nc3 e5 4.
Nf3 e4 5. Nd2 Bf5 6. e3 c6 7.
Be2 d5 8. h3 h5 9. b3 Bd6 10. Bb2 a6 11. Qc2 Bg6 12. O-O-O Nbd7 13. g4 h4 14. g5 Nh7 15. cxd5 cxd5 16. Nxd5 Rc8 17.
Nc3 b5 18. a3 Nxg5 19. Kb1 O-O 20. b4 Nb6 21. Qb3 Nf3 22. Ka1 Nxd2 23. Rxd2 Nc4 24.
Rc2 Nxb2 25. Kxb2 Qf6 26. Bg4 Rc4 27. Nd5 Rxc2+ 28. Qxc2 Qd8 29. Rg1 Kh7 30. Qe2 a5 31. Bf5 Bxf5 32. Qh5+ Kg8 33. Qxf5 g6 34. Rxg6+ fxg6 35.
Qxg6+ Kh8 36. Qh6+ Kg8 37. Qg6+ Kh8 38. Qh6+ Kg8 39.
Qg6+ 1/2-1/2

[Event "*** SCC Grand Prix: Titled Tuesday Blitz"]
[Site "Chess.com"]
[Date "2020.06.23"]
[Round "2"]
[White "KoustavChatterjee1"]
[Black "korbul"]
[Result "1-0"]
[WhiteElo "2757"]
[BlackElo "2506"]
[TimeControl "180+1"]
[EndTime "10:17:41 PDT"]
[Termination "KoustavChatterjee1 won by resignation"]

1. d4 Nf6 2. c4 e6 3. Nc3 Bb4 4. f3 c5 5. d5 b5 6. e4 exd5 7.
cxd5 a6 8. Be2 d6 9. Bd3 O-O 10. Ne2 Nbd7 11. O-O Ne5 12. Bc2 c4 13. h3 Bc5+ 14.
Kh1 h6 15. Bf4 g5 16. Bh2 Ng6 17. f4 Nh5 18. e5 dxe5 19. fxe5 Bb7 20. Ne4 Be3 21.
N2c3 b4 22. Qxh5 bxc3 23. Qxh6 g4 24. Qxe3 Kg7 25. Nd6 Qh4 26. Nf5+ 1-0

[Event "*** SCC Grand Prix: Titled Tuesday Blitz"]
[Site "Chess.com"]
[Date "2020.06.23"]
[Round "2"]
[White "Stronger1799"]
[Black "Biranidun"]
[Result "0-1"]
[WhiteElo "2500"]
[BlackElo "2737"]
[TimeControl "180+1"]
[EndTime "10:17:42 PDT"]
[Termination "Biranidun won by resignation"]

1. e4 c5 2. Nf3 d6 3. d4 cxd4 4. Nxd4 Nf6 5. Nc3 a6 6. f3 e5 7. Nb3 Be6 8. Be3 h5 9. Qd2 Nbd7 10. O-O-O Be7 11. Kb1 b5 12. Nd5 Bxd5 13. exd5 Nb6 14. Bxb6 Qxb6 15. Na5 Rc8 16. Nc6 Nxd5 17. Nxe7 Nxe7 18.
Qxd6 Qxd6 19. Rxd6 Nc6 20. a4 Ke7 21. Rd2 Rhd8 22.
Rxd8 Rxd8 23. Kc1 Nd4 24. axb5 axb5 25. c3 Nb3+ 26. Kc2 Na1+ 27. Kb1 Rd1+ 28. Ka2 Nc2 29. g3 Ne3 30. Bg2 Rd2 31. Bh3 Nc4 32. Rb1 Rxh2 33. Bf1 Nd2 34. Rd1 Nxf1 35. Rxf1 Rd2 36. Re1 Kd6 37. Re4 f5 38. Rh4 g6 39. g4 hxg4 40.
fxg4 e4 41. Rh6 Ke5 42. Rxg6 f4 43. Rg5+ Ke6 44. Kb1 e3 45. Kc1 f3 46. Rf5 f2 47.
Rf3 Re2 48. Kd1 Re1+ 0-1

[Event "*** SCC Grand Prix: Titled Tuesday Blitz"]
[Site "Chess.com"]
[Date "2020.06.23"]
[Round "2"]
[White "Grandmaster2B"]
[Black "Colombiano07"]
[Result "0-1"]
[WhiteElo "2430"]
[BlackElo "2224"]
[TimeControl "180+1"]
[EndTime "10:17:43 PDT"]
[Termination "Colombiano07 won by resignation"]

1. e4 c5 2. Nf3 g6 3. d4 cxd4 4. Nxd4 Nf6 5. Nc3 Nc6 6. Be3 Bg7 7. f3 O-O 8. Bc4 Qb6 9. Qd2 Nxe4 10. Nxc6 Nxd2 11. Nxe7+ Kh8 12. Bxb6 Nxc4 13. Bf2 Nxb2 14. Kd2 b6 15. Rab1 Nc4+ 16. Kd3 Ba6 17. Nb5 Na3 18. c4 Nxb1 19. Rxb1 Be5 20. Nd5 Bb7 21. f4 Bxd5 22. fxe5 Bxg2 23. Bh4 Bh3 24. Bf6+ Kg8 25.
Rg1 Bf5+ 26. Kd4 Be6 27. Nc3 Rfc8 28. Nd5 Bxd5 29. cxd5 Rc5 30. h4 h5 31. Be7 Ra5 32. a3 Ra4+ 33. Ke3 Rc8 34. Rf1 Rc3+ 35. Kd2 Rh3 36. Rc1 Rd4+ 37. Ke2 Rxd5 38. Rc8+ Kh7 39. Bf6 g5 40. Rh8+ Kg6 41. Rg8+ Kf5 42. Rxg5+ Ke4 43. Rxh5 Rh2+ 44. Ke1 Rb5 0-1

[Event "*** SCC Grand Prix: Titled Tuesday Blitz"]
[Site "Chess.com"]
[Date "2020.06.23"]
[Round "2"]
[White "Tsyhanchuk_Stanislav"]
[Black "IsaacWiebe"]
[Result "0-1"]
[WhiteElo "2371"]
[BlackElo "2077"]
[TimeControl "180+1"]
[EndTime "10:17:43 PDT"]
[Termination "IsaacWiebe won by checkmate"]

1. e4 c6 2. d4 d5 3. Nc3 dxe4 4. Bc4 Bf5 5. f3 e3 6. Bxe3 e6 7. Nge2 Nf6 8. O-O Nbd7 9. Ng3 Bg6 10. Nce4 Be7 11.
c3 O-O 12. Kh1 Nb6 13. Bd3 Nbd5 14. Bd2 Qc7 15. Nxf6+ Nxf6 16. Ne4 e5 17. dxe5 Nxe4 18.
fxe4 Qxe5 19. Bf4 Qe6 20. Qe2 Rad8 21. Rae1 Bh4 22. Rd1 Rfe8 23. e5 Bxd3 24. Rxd3 Rxd3 25. Qxd3 Rd8 26. Qe4 Be7 27. a3 Qd5 28. Qe3 Bc5 29.
Qg3 Qd3 30. Qg4 Qxf1# 0-1

[Event "*** SCC Grand Prix: Titled Tuesday Blitz"]
[Site "Chess.com"]
[Date "2020.06.23"]
[Round "2"]
[White "viditchess"]
[Black "Chessmasterzt"]
[Result "1-0"]
[WhiteElo "3022"]
[BlackElo "2608"]
[TimeControl "180+1"]
[EndTime "10:17:44 PDT"]
[Termination "viditchess won on time"]

1. d4 Nf6 2. c4 e6 3. Nf3 Bb4+ 4.
Bd2 Qe7 5. g3 Bxd2+ 6. Qxd2 Nc6 7. b3 d5 8. Bg2 O-O 9. O-O Rd8 10. Qb2 a5 11. Nbd2 b6 12. Rac1 Bb7 13. a3 Ne4 14. e3 f5 15. Rc2 Na7 16. cxd5 Bxd5 17. Nc4 a4 18. b4 Nb5 19. Rfc1 Nbd6 20. Nce5 Rac8 21. Nc6 Bxc6 22. Rxc6 Nf7 23. Qc2 Rd7 24. Qxa4 Rb8 25. Qb3 Nd8 26. R6c2 Nd6 27. Ne5 N6f7 28. Nxd7 Qxd7 29. Rxc7 1-0

[Event "*** SCC Grand Prix: Titled Tuesday Blitz"]
[Site "Chess.com"]
[Date "2020.06.23"]
[Round "2"]
[White "eCztery"]
[Black "Enki007"]
[Result "0-1"]
[WhiteElo "2343"]
[BlackElo "2656"]
[TimeControl "180+1"]
[EndTime "10:17:45 PDT"]
[Termination "Enki007 won by resignation"]

1. e4 c6 2. Nc3 d5 3. Nf3 Nf6 4. Qe2 Bg4 5. e5 Nfd7 6. d4 e6 7. h3 Bxf3 8. gxf3 c5 9. dxc5 Bxc5 10. Rg1 g6 11. Bh6 Nc6 12. O-O-O Nd4 13. Qd2 Nxf3 14. Qf4 Nxg1 15. Bb5 Nxh3 16. Qf3 a6 17. Bxd7+ Qxd7 18. Qxh3 O-O-O 19. Bg5 Be7 20. Ne4 Bxg5+ 21. Nxg5 h6 22. Ne4 Kb8 23. Nd6 f6 24. Qg3 fxe5 25. Ne4 Qc7 26. Nf6 g5 27. Kb1 e4 28. Qe3 Rhf8 29. Ng4 h5 30. Nh6 Qg7 31. Qg3+ Ka8 32. Nf5 Rxf5 0-1

[Event "*** SCC Grand Prix: Titled Tuesday Blitz"]
[Site "Chess.com"]
[Date "2020.06.23"]
[Round "2"]
[White "goofypenguin96"]
[Black "mmmflatbread"]
[Result "0-1"]
[WhiteElo "2343"]
[BlackElo "2793"]
[TimeControl "180+1"]
[EndTime "10:17:45 PDT"]
[Termination "mmmflatbread won on time"]

1. e4 Nf6 2. Nc3 d6 3. d4 g6 4. f4 Bg7 5. Nf3 c5 6. dxc5 Qa5 7. Bb5+ Bd7 8. Bxd7+ Nbxd7 9. O-O Nxc5 10. Qe2 O-O 11. a3 Qc7 12. e5 dxe5 13. fxe5 Nfd7 14. Bf4 Ne6 15. Bg3 Rfd8 16. Kh1 Nb6 17. Rad1 Qc4 18. Qf2 Rxd1 19. Rxd1 Rd8 20. Rxd8+ Nxd8 21. h3 Nc6 22.
Qe2 Qxe2 23. Nxe2 Nc4 24. b3 Nxa3 25. Ned4 Nxd4 26. Nxd4 a6 27. Kg1 Kf8 28. Kf1 Nb5 29. Nxb5 axb5 30. Ke2 Ke8 31. Ke3 Kd7 32. Ke4 Kc6 33. Bf4 f6 34. exf6 exf6 35. g4 Bf8 36. Bd2 Be7 37. Bc3 Kd6 38. Bb4+ Ke6 39. Bxe7 Kxe7 40.
Kd5 b6 41. Kc6 b4 42. Kb5 f5 43. Kxb4 fxg4 44. hxg4 h5 45. gxh5 gxh5 46. Kb5 h4 47. Kxb6 h3 48. c4 h2 49. b4 h1=Q 50. c5 Kd7 51. b5 Qg1 52. Kb7 Qxc5 53. b6 Qa5 0-1